 Dungeon Sprint DCSS version 0.20.1-1-g8b1a95d (webtiles) character file.

34295 KingStallion the Barachian Blade (level 13, -4/135 HPs)
             Began as a Barachi Berserker on Oct 23, 2017.
             Was the Champion of Trog.
             Killed by the air
             ... invoked by a wind drake
              (18 damage)
             ... in the Dungeon (Sprint IX: "|||||||||||||||||||||||||||||").
             The game lasted 00:15:55 (2102 turns).

KingStallion the Barachian Blade (BaBe)             Turns: 2102, Time: 00:15:56

Health: -4/135     AC: 30    Str: 21    XL:     13   Next: 76%
Magic:  15/15      EV: 13    Int:  8    God:    Trog [******]
Gold:   1900       SH:  0    Dex: 14    Spells: 12/12 levels left

rFire    . . .     SeeInvis .   a - +14 demon blade of Ceen {flame, MR+}
rCold    . . .     Gourm    .   (no shield)
rNeg     . . .     Faith    .   C - +4 plate armour
rPois    .         Spirit   .   o - +0 helmet
rElec    .         Reflect  .   (no cloak)
rCorr    .         Harm     .   F - +1 pair of gloves
MR       +++..     NoTele   +   n - +0 pair of boots
Stlth    ..........             u - amulet of regeneration
Regen    1.8/turn               w - +2 ring of protection
MPRegen  0.2/turn               m - +2 ring of evasion

@: can't hop, regenerating, slow
A: +LOS, swims, slowness 1, strong legs 2
a: Hop, Berserk, Trog's Hand, Brothers in Arms, Burn Spellbooks, Renounce
Religion


You were in the Dungeon.
You worshipped Trog.
Trog was exalted by your worship.
You were not hungry.

You visited 1 branch You collected 1900 gold pieces.

Inventory:

Hand Weapons
 a - the +14 demon blade of Ceen (weapon) {flame, MR+}
   (Trog gifted it to you in the Dungeon)

   It has been specially enchanted to burn those struck by it, causing extra
   injury to most foes and up to half again as much damage against particularly
   susceptible opponents.
   Big, fiery blades are also staple armaments of hydra-hunters.
   It affects your resistance to hostile enchantments.
 b - a +3 great sword of electrocution
 p - a +1 great sword of holy wrath
 q - the +8 great sword of Tumult {drain, +Blink Str+4 Int+4 Stlth-, unknown}
   (Trog gifted it to you in the Dungeon)

   A truly terrible weapon, it drains the life of those it strikes.
   It affects your strength (+4).
   It affects your intelligence (+4).
   It lets you blink.
   It makes you less stealthy.
 H - a +5 antimagic triple sword
Missiles
 v - 5 javelins of returning (quivered)
Armour
 n - a +0 pair of boots (worn)
 o - a +0 helmet (worn)
 C - a +4 plate armour (worn)
 F - a +1 pair of gloves (worn)
Jewellery
 m - a +2 ring of evasion (right hand)
 u - an amulet of regeneration (around neck)
 w - a +2 ring of protection (left hand)
 B - an uncursed ring of protection from fire
 D - an uncursed ring of protection from magic
 E - an uncursed ring of fire
Wands
 l - a wand of acid (1/15)
Scrolls
 i - 5 scrolls of blinking
 k - 6 scrolls of remove curse
 t - 7 scrolls of identify
 x - 3 scrolls of enchant armour
 y - a scroll of recharging
Potions
 d - 5 potions of curing
 e - 7 potions of heal wounds
 f - 2 potions of haste
 g - 4 potions of magic
 h - 2 potions of berserk rage
 j - a potion of invisibility
 s - 2 potions of agility
Comestibles
 c - 13 bread rations
 z - 40 fruits
 A - 12 meat rations
 G - 8 chunks of flesh


   Skills:
 * Level 23.3 Fighting
 * Level 24.3 Long Blades
 + Level 5.4 Throwing
 * Level 18.6 Armour
 + Level 7.7 Dodging
 + Level 2.4 Stealth
 + Level 3.3 Evocations


You had 12 spell levels left.
You didn't know any spells.

Dungeon Overview and Level Annotations

Branches:
Dungeon (1/1)

Altars:
Cheibriados
Dithmenos
Elyvilon
Fedhas
Gozag
Hepliaklqana
Kikubaaqudgha
Makhleb
Nemelex Xobeh
Okawaru
Qazlal
Ru
Sif Muna
Trog
Uskayaw
Vehumet
Xom
Yredelemnul
Zin
The Shining One
Beogh
Jiyva
Lugonu

Shops:
D (%?(


Innate Abilities, Weirdness & Mutations

Shadows flee at your approach. (+LOS)
You can swim through water.
You cover ground slowly.
You can hop longer distances.


Message History

The acid corrodes the merfolk impaler!
The merfolk impaler is moderately wounded.
This wand has 2 charges left.
The wind drake exhales a fierce blast of wind!
You are blown backwards!
The wind drake flaps its wings at you. The air twists around and strikes you!
* * * LOW HITPOINT WARNING * * *
Unknown command.
Evoke which item? (* to show all) (? for menu, Esc to quit)
Aiming: Corrosive Bolt
Press: ? - help, Shift-Dir - straight line, f - wind drake, p - merfolk
Aim: a wind drake (almost dead, deflecting missiles, covered in acid)
The bolt of acid hits the wind drake.
The wind drake is splashed with acid.
You kill the wind drake!
Trog accepts your kill.
This wand has 1 charge left.
The wind drake flaps its wings at you. The air twists around and strikes you!
You die...

♣k♣.▓.▓.▓)▓.▓.▓.▓_
♣.♣.▓.▓.▓)▓.▓†▓.▓_
♣m♣.▓[▓.▓)▓.▓)▓.▓_
♣m♣.▓[▓.▓)▓.▓.▓.▓_
♣)♣.▓[▓.▓)▓.▓.▓.▓_
♣.♣.▓[▓.▓[▓.▓.▓.▓_
♣.♣.▓[▓.▓'▓.▓.▓.▓_
♣.♣.▓[▓.▓.▓.▓.▓.▓_
♣@♣.▓[▓.▓.▓.▓.▓.▓_
▓÷▓.▓[▓.▓.▓.▓.▓.▓_
▓)▓.▓.▓.▓[▓.▓.▓.▓_
▓.▓.▓)▓.▓.▓.▓.▓.▓_
▓.▓.▓)▓.▓)▓.▓'▓.▓_
▓.▓.▓)▓.▓)▓.▓.▓.▓_
▓.▓.▓)▓.▓.▓.▓.▓.▓_
▓.▓.▓)▓.▓)▓.▓.▓.▓_
▓.▓.▓)▓.▓)▓.▓%▓.▓_


You could see a merfolk impaler, a wind drake and a merfolk.

Vanquished Creatures
  A lich (D)
  A frost giant (D)
  An emperor scorpion (D)
  A stone giant (D)
  2 ettins (D)
  Erolcha (D)
  2 ogre magi (D)
  A merfolk impaler (D)
  2 hydras (D)
  Erica (D)
  3 centaur warriors (D)
  A merfolk aquamancer (D)
  2 alligators (D)
  A two-headed ogre (D)
  An unseen horror (D)
  6 deep trolls (D)
  A spriggan druid (D)
  2 swamp dragons (D)
  An orb spider (D)
  A cyclops (D)
  An orc sorcerer (D)
  A wolf spider (D)
  2 ugly things (D)
  A manticore (D)
  8 elephants (D)
  A black mamba (D)
  2 yaktaurs (D)
  A komodo dragon (D)
  2 demonic crawlers (D)
  A hornet (D)
  A polar bear (D)
  A merfolk (D)
  6 trolls (D)
  A wind drake (D)
  A bog body (D)
  2 slime creatures (D)
  A dream sheep (D)
  2 hippogriffs (D)
  A water elemental (D)
  A tarantella (D)
  2 redbacks (D)
  2 shadows (D)
  2 basilisks (D)
  A hungry ghost (D)
  4 water moccasins (D)
  A swamp drake (D)
  A black bear (D)
  9 orc warriors (D)
  2 crocodiles (D)
  4 bullfrogs (D)
  A killer bee (D)
  A howler monkey (D)
  3 orc priests (D)
  An iguana (D)
  A worker ant (D)
  An adder (D)
  An adder skeleton (D)
  A dart slug (D)
  13 orcs (D)
  A bat (D)
  A bat skeleton (D)
  A bat zombie (D)
  A giant cockroach (D)
  A goblin (D)
  A hobgoblin (D)
  A ball python (D)
127 creatures vanquished.

Notes
Turn   | Place    | Note
-------+----------+-------------------------------------------
     0 | D        | KingStallion the Barachi Berserker began the quest for the Orb.
     0 | D        | Reached XP level 1. HP: 18/18 MP: 1/1
     5 | D        | Reached skill level 4 in Long Blades
     7 | D        | Reached ** piety under Trog
    13 | D        | Reached XP level 2. HP: 15/26 MP: 2/2
   179 | D        | Reached *** piety under Trog
   179 | D        | Reached skill level 5 in Fighting
   179 | D        | Reached skill level 5 in Long Blades
   187 | D        | Reached skill level 6 in Long Blades
   187 | D        | Reached XP level 3. HP: 9/34 MP: 3/3
   440 | D        | Found a roughly hewn altar of Beogh.
   440 | D        | Found a snail-covered altar of Cheibriados.
   440 | D        | Found a shadowy altar of Dithmenos.
   440 | D        | Found a white marble altar of Elyvilon.
   440 | D        | Found a blossoming altar of Fedhas.
   440 | D        | Found an opulent altar of Gozag.
   440 | D        | Found a hazy altar of Hepliaklqana.
   441 | D        | Found a viscous altar of Jiyva.
   442 | D        | Found an ancient bone altar of Kikubaaqudgha.
   443 | D        | Found a corrupted altar of Lugonu.
   444 | D        | Found a burning altar of Makhleb.
   445 | D        | Found a sparkling altar of Nemelex Xobeh.
   446 | D        | Found an iron altar of Okawaru.
   447 | D        | Found a stormy altar of Qazlal.
   448 | D        | Found a sacrificial altar of Ru.
   449 | D        | Found a deep blue altar of Sif Muna.
   450 | D        | Found a bloodstained altar of Trog.
   451 | D        | Found a hide-covered altar of Uskayaw.
   452 | D        | Found a radiant altar of Vehumet.
   454 | D        | Found a shimmering altar of Xom.
   455 | D        | Found a basalt altar of Yredelemnul.
   456 | D        | Found a glowing silver altar of Zin.
   457 | D        | Found a glowing golden altar of the Shining One.
   512 | D        | Noticed a black bear
   512 | D        | Noticed a water moccasin
   512 | D        | Noticed a killer bee
   512 | D        | Noticed a hungry ghost
   523 | D        | Killed a hungry ghost
   523 | D        | Reached skill level 9 in Long Blades
   523 | D        | Reached skill level 5 in Armour
   523 | D        | Reached XP level 4. HP: 44/44 MP: 4/4
   523 | D        | Reached XP level 5. HP: 49/49 MP: 5/5
   528 | D        | Reached **** piety under Trog
   528 | D        | Reached skill level 10 in Long Blades
   532 | D        | Reached XP level 6. HP: 58/58 MP: 6/6
   533 | D        | Paralysed by fainting for 5 turns
   540 | D        | Killed a water moccasin
   540 | D        | Reached skill level 10 in Fighting
   540 | D        | Reached skill level 11 in Long Blades
   545 | D        | Killed a black bear
   545 | D        | Reached skill level 12 in Long Blades
   545 | D        | Reached skill level 5 in Dodging
   545 | D        | Reached XP level 7. HP: 24/67 MP: 7/7
   545 | D        | Reached ***** piety under Trog
   573 | D        | Noticed a slime creature
   573 | D        | Noticed a troll
   632 | D        | Killed an unseen horror
   632 | D        | Reached skill level 13 in Long Blades
   632 | D        | Reached XP level 8. HP: 70/76 MP: 8/8
   634 | D        | Killed a troll
   634 | D        | Reached skill level 14 in Long Blades
   638 | D        | Killed a slime creature
   638 | D        | Reached skill level 10 in Armour
   644 | D        | Received a gift from Trog
   805 | D        | Noticed a black mamba
   805 | D        | Noticed a five-headed hydra
   806 | D        | Noticed a komodo dragon
   814 | D        | Killed a one-headed hydra
   814 | D        | Reached skill level 15 in Long Blades
   814 | D        | Reached skill level 1 in Evocations
   814 | D        | Reached XP level 9. HP: 66/85 MP: 9/9
   824 | D        | Killed a black mamba
   828 | D        | Reached skill level 16 in Long Blades
   835 | D        | Received a gift from Trog
   839 | D        | Killed a komodo dragon
   874 | D        | Reached XP level 10. HP: 77/94 MP: 9/11
   883 | D        | Received a gift from Trog
   891 | D        | Reached ****** piety under Trog
   891 | D        | Received a gift from Trog
   903 | D        | Reached skill level 17 in Long Blades
   923 | D        | Noticed an elephant
   923 | D        | Noticed an elephant
   923 | D        | Noticed an elephant
   923 | D        | Noticed an elephant
   923 | D        | Noticed an elephant
   923 | D        | Noticed an elephant
   923 | D        | Noticed an elephant
   927 | D        | Noticed an elephant
   929 | D        | Killed an elephant
   929 | D        | Reached skill level 15 in Fighting
   939 | D        | Killed an elephant
   950 | D        | Killed an elephant
   955 | D        | Killed an elephant
   955 | D        | Reached skill level 15 in Armour
   962 | D        | Killed an elephant
   962 | D        | Received a gift from Trog
   969 | D        | Killed an elephant
   969 | D        | Reached skill level 18 in Long Blades
   975 | D        | Killed an elephant
   975 | D        | Reached XP level 11. HP: 59/104 MP: 13/13
  1121 | D        | Noticed an ettin
  1125 | D        | Received a gift from Trog
  1132 | D        | Killed an ettin
  1167 | D        | Got a slimy demon blade {god gift}
  1191 | D        | Identified the +14 demon blade of Ceen {flame, MR+} (Trog gifted it to you in the Dungeon)
  1200 | D        | Noticed an orc sorcerer
  1201 | D        | Received a gift from Trog
  1217 | D        | Killed an orc sorcerer
  1220 | D        | Reached skill level 19 in Long Blades
  1221 | D        | Received a gift from Trog
  1266 | D        | Found Rosit's Weapon Boutique.
  1266 | D        | Noticed a deep troll
  1266 | D        | Noticed a deep troll
  1266 | D        | Noticed an ettin
  1266 | D        | Noticed a deep troll
  1266 | D        | Noticed a deep troll
  1266 | D        | Noticed an ogre mage
  1268 | D        | Noticed a deep troll
  1269 | D        | Killed an ogre mage
  1271 | D        | Killed a deep troll
  1272 | D        | Found Leesmonovo's Magic Scroll Shop.
  1278 | D        | Killed a deep troll
  1310 | D        | Killed a deep troll
  1314 | D        | Killed a deep troll
  1314 | D        | Received a gift from Trog
  1314 | D        | Reached skill level 20 in Long Blades
  1322 | D        | Killed a deep troll
  1322 | D        | Reached skill level 1 in Throwing
  1349 | D        | Killed an ettin
  1349 | D        | Reached XP level 12. HP: 81/118 MP: 6/14
  1365 | D        | Found Riahi Yca's Food Boutique.
  1444 | D        | Found Xautuupp's Antique Weapon Shop.
  1453 | D        | Noticed an ogre mage
  1462 | D        | Received a gift from Trog
  1466 | D        | Killed an ogre mage
  1466 | D        | Reached skill level 21 in Long Blades
  1522 | D        | Noticed Erolcha
  1528 | D        | Paralysed by Erolcha for 2 turns
  1530 | D        | Killed Erolcha
  1575 | D        | Noticed Erica
  1582 | D        | Killed Erica
  1663 | D        | Noticed a two-headed ogre
  1663 | D        | Noticed a centaur warrior
  1663 | D        | Noticed a centaur warrior
  1666 | D        | Killed a centaur warrior
  1669 | D        | Noticed a centaur warrior
  1671 | D        | Noticed a stone giant
  1672 | D        | Received a gift from Trog
  1672 | D        | Reached skill level 1 in Stealth
  1674 | D        | Noticed a lich
  1678 | D        | Killed a centaur warrior
  1687 | D        | Killed a two-headed ogre
  1687 | D        | Reached skill level 22 in Long Blades
  1699 | D        | Killed a stone giant
  1703 | D        | Killed a lich
  1703 | D        | Received a gift from Trog
  1703 | D        | Gained mutation: You can hop longer distances. [Barachi growth]
  1703 | D        | Reached XP level 13. HP: 99/130 MP: 15/15
  1718 | D        | Noticed a frost giant
  1729 | D        | Killed a frost giant
  1729 | D        | Reached skill level 23 in Long Blades
  1865 | D        | Noticed an emperor scorpion
  1870 | D        | Received a gift from Trog
  1888 | D        | Killed an emperor scorpion
  1888 | D        | Received a gift from Trog
  1903 | D        | Got a brightly glowing scimitar {god gift}
  1904 | D        | Identified the +1 scimitar of Articulation {speed, Fragile +Blink rC+ SInv} (Trog gifted it to you in the Dungeon)
  1947 | D        | Reached skill level 5 in Throwing
  1951 | D        | Received a gift from Trog
  1968 | D        | Reached skill level 24 in Long Blades
  1970 | D        | Received a gift from Trog
  1993 | D        | HP: 6/134 [poison (poison gas)]
  2069 | D        | Noticed a merfolk impaler
  2069 | D        | Noticed a merfolk impaler
  2079 | D        | Received a gift from Trog
  2082 | D        | Got a crystal great sword {god gift}
  2091 | D        | Killed a merfolk impaler
  2102 | D        | Killed from afar by a wind drake

Skill      XL: |  1  2  3  4  5  6  7  8  9 10 11 12 13 |
---------------+----------------------------------------+-----
Fighting       | 4 5 8 9 10 11 13 14 16 18 21 23 | 23.3
Long Blades    | 4 6 9 10 12 13 15 16 18 20 22 24 | 24.3
Armour         | 3 5 6 9 11 13 15 16 17 18 | 18.6
Dodging        | 3 4 5 6 7 |  7.7
Evocations     | 1 3 |  3.3
Throwing       | 1 4 5 |  5.4
Stealth        | 1 2 |  2.4

Action                   |  1- 3 |  4- 6 |  7- 9 | 10-12 | 13-15 || total
-------------------------+-------+-------+-------+-------+-------++-------
Melee: Falchion          |    23 |       |       |       |       ||    23
       Scimitar          |     9 |    15 |    56 |    79 |       ||   159
       Demon blade       |       |       |       |   108 |    68 ||   176
       Great sword       |       |       |       |    35 |       ||    35
Throw: Javelin           |       |       |       |     5 |    10 ||    15
       Tomahawk          |       |       |       |     5 |       ||     5
Invok: Trog's Hand       |     2 |       |     6 |     5 |     5 ||    18
       Berserk           |     2 |       |     1 |       |       ||     3
 Abil: Hop               |       |       |       |     1 |     1 ||     2
Evoke: Wand              |       |       |     2 |     2 |     2 ||     6
  Use: Potion            |       |       |       |       |     2 ||     2
 Stab: Confused          |       |       |       |       |     1 ||     1
  Eat: Chunk             |       |       |     7 |     5 |     5 ||    17
Armor: Animal skin       |     3 |       |       |       |       ||     3
       Plate armour      |     2 |    13 |    49 |    97 |    45 ||   206
Dodge: Dodged            |    29 |     8 |    31 |    92 |    48 ||   208
       Rpst.: Falchion   |     9 |       |       |       |       ||     9
       Scimitar          |     1 |       |     8 |     4 |       ||    13
       Demon blade       |       |       |       |    13 |     7 ||    20
       Great sword       |       |       |       |     4 |       ||     4
